 Dungeon Crawl Stone Soup version 0.31.0 (webtiles) character file.

Game seed: 853730427770124158

20510 qw the Marksgargoyle (level 12, -2/77 HPs)
             Began as a Gargoyle Hunter on Jan 20, 2024.
             Was a High Priest of Okawaru.
             Slain by a cane toad (7 damage)
             ... on level 4 of the Lair of Beasts.
             The game lasted 00:01:33 (13730 turns).

qw the Marksgargoyle (Gargoyle Hunter)             Turns: 13730, Time: 00:01:33

Health: -2/77      AC: 19    Str: 15    XL:     12   Next: 80%
Magic:  19/19      EV: 17    Int: 11    God:    Okawaru [*****.]
Gold:   580        SH:  0    Dex: 23    Spells: 11/11 levels left

rFire   + . .        y - +0 longbow
rCold   + . .        (shield currently unavailable)
rNeg    + . .        m - +2 robe {rC+ rF+}
rPois   inf          z - +2 hat
rElec   +            (no cloak)
rCorr   .            (no gloves)
SInv    .            (no boots)
Will    .....        (no amulet)
Stlth   ++           l - +4 ring of protection
HPRegen 0.32/turn    n - +6 ring of dexterity
MPRegen 0.16/turn

%: no passive effects
@: no status effects
A: sickness immunity, AC +8, negative energy resistance 1, electricity
resistance, torment resistance 1, petrification resistance
a: Renounce Religion, Heroism, Finesse, Duel


You were on level 4 of the Lair of Beasts.
You worshipped Okawaru.
Okawaru was extremely pleased with you.
You visited 3 branches of the dungeon, and saw 14 of its levels.

You collected 794 gold pieces.
You spent 214 gold pieces at shops.


Innate Abilities, Weirdness & Mutations

You are immune to sickness and miasma.
Your stone body is resilient. (AC +8)
You are immune to poison.
You resist negative energy. (rN+)
You are resistant to electric shocks. (rElec)
You are resistant to unholy torment.
You are immune to petrification.


   Skills:
 - Level 10.0 Fighting
 + Level 15.3 Ranged Weapons
 - Level 2.3 Armour
 - Level 6.1 Dodging
 - Level 1.1 Stealth
 - Level 10.0 Invocations


You had 11 spell levels left.
You didn't know any spells.
Your spell library was empty.

Inventory:

Hand Weapons
 y - a +0 longbow (weapon)
Armour
 i - +0 acid dragon scales
 m - a +2 robe of resistance (worn)
 p - a +1 ring mail of cold resistance
 q - +0 steam dragon scales
 z - a +2 hat (worn)
Jewellery
 a - an amulet of faith
 d - a ring of fire
 l - a +4 ring of protection (left hand)
 n - a +6 ring of dexterity (right hand)
Wands
 f - a wand of digging (4)
 j - a wand of polymorph (5)
 k - a wand of paralysis (8)
 r - a wand of roots (20)
 s - a wand of mindburst (27)
Scrolls
 e - 4 scrolls of teleportation
Potions
 b - a potion of cancellation
 g - 2 potions of enlightenment
 h - 4 potions of might
 o - 8 potions of curing
 t - a potion of magic
 w - a potion of heal wounds
 x - a potion of resistance

Dungeon Overview and Level Annotations

Branches:
Dungeon (9/15)             Temple (1/1) D:5            Lair (4/5) D:9
 Shoals (0/4) Lair:3        Snake (0/4) Lair:3
  Slime: Lair:4-5       Orc: D:9-12

Altars:
Ashenzari
Cheibriados
Dithmenos
Elyvilon
Fedhas
Gozag
Hepliaklqana
Kikubaaqudgha
Makhleb
Nemelex Xobeh
Okawaru
Qazlal
Ru
Sif Muna
Trog
Uskayaw
Vehumet
Wu Jian
Xom
Yredelemnul
Zin
The Shining One

Shops:
D:5 *!   D:7 *

Annotations:
Lair:2 2 transporters


Message History

The komodo dragon is almost dead.
The komodo dragon closely misses you.
13723 ||| RETREEEEATING.
You shoot an arrow. The arrow barely misses the cane toad.
The cane toad barely misses you. The komodo dragon misses you.
13724 ||| RETREEEEATING.
You shoot an arrow. The arrow hits the cane toad.
The cane toad is lightly wounded.
The water moccasin closely misses you.
The cane toad stings you but does no damage.
The komodo dragon misses you.
13725 ||| RETREEEEATING.
You shoot an arrow. The arrow closely misses the cane toad.
The water moccasin misses you.
The cane toad stings you but does no damage.
The water moccasin barely misses you. The komodo dragon closely misses you.
13726 ||| RETREEEEATING.
You shoot an arrow.
The arrow hits the cane toad but does no damage.
The cane toad is lightly wounded.
The cane toad stings you! The water moccasin bites you.
The komodo dragon misses you.
13727 ||| RETREEEEATING.
You shoot an arrow. The arrow barely misses the cane toad.
The water moccasin barely misses you. The cane toad misses you.
The komodo dragon barely misses you.
13728 ||| RETREEEEATING.
You shoot an arrow. The arrow hits the cane toad!
The cane toad is moderately wounded.
The water moccasin closely misses you.
The cane toad stings you but does no damage.
The water moccasin completely misses you.
13729 ||| RETREEEEATING.
You shoot an arrow. The arrow hits the cane toad!
The cane toad is severely wounded.
The cane toad stings you but does no damage.
The komodo dragon bites you but does no damage.
The water moccasin closely misses you. The cane toad stings you!
13730 ||| RETREEEEATING.
You shoot an arrow. The arrow barely misses the cane toad.
You are no longer corroded.
The komodo dragon bites you!! The water moccasin closely misses you.
The cane toad stings you!
You die...

...........#
..>.......#
##.........#
#..........#
#...%.....##
##.<.......# #
###..........#~#
#.FlS.%........#
##.@..........#
##.......|..P##
##.............#
#..............#
.................P#
....(..............#
..............>.#..#
.....!.........###...
.............### ..#


You could see a komodo dragon, a cane toad and a water moccasin.

Vanquished Creatures
  Gastronok (Lair:3)
  Harold (Lair:1)
  Nergalle (Lair:1)
  A salamander (Lair:3)
  4 elephants
  3 black mambas
  8 cane toads
  Joseph (D:7)
  4 komodo dragons
  Maggie (Lair:1)
  Psyche (D:9)
  A rime drake (Lair:4)
  A polar bear (Lair:3)
  A troll (D:9)
  4 blink frogs (Lair:3)
  4 dream sheep (Lair:3)
  17 yaks
  3 wyverns
  4 basilisks
  Menkaure (D:7)
  2 nagas (Lair:3)
  7 water moccasins
  An acid dragon (D:8)
  2 orc warriors (D:8)
  3 centaurs
  23 wolves
  5 bullfrogs
  3 scorpions
  3 wights (D:5)
  10 killer bees
  4 bombardier beetles
  6 electric eels
  A quasit (D:8)
  4 jellies
  3 orc priests
  5 hounds
  Jessica (D:3)
  4 iguanas
  3 orc wizards
  2 sleepcaps
  6 hell rats (Lair:3)
  Robin (D:2)
  3 adders
  3 shadow imps
  A dart slug (D:5)
  A ribbon worm (D:2)
  20 orcs
  6 endoplasms
  3 giant cockroaches
  15 goblins
  14 hobgoblins
  9 jackals
  3 quokkas
  6 ball pythons
  4 bats (D:2)
  6 frilled lizards
  A hobgoblin zombie (D:8)
  3 kobolds
  2 orc skeletons (D:8)
  3 orc zombies (D:8)
  9 rats
273 creatures vanquished.

Vanquished Creatures (others)
  Grinder (D:4)
1 creature vanquished.

Grand Total: 274 creatures vanquished

Notes
Turn   | Place    | Note
-------+----------+-------------------------------------------
     0 | D:1      | qw the Gargoyle Hunter began the quest for the Orb.
     0 | D:1      | Reached XP level 1. HP: 12/12 MP: 1/1
     0 | D:1      | 0 ||| qw: Version: 0.3-a-132-g3d54051
     0 | D:1      | 0 ||| qw: Game counter: 435
     0 | D:1      | 0 ||| qw: Melee chars always use a shield: true
     0 | D:1      | 0 ||| qw: God list: Okawaru
     0 | D:1      | 0 ||| qw: Allow faded altars: false
     0 | D:1      | 0 ||| qw: Do Orc after clearing Dungeon:15 true
     0 | D:1      | 0 ||| qw: Do second Lair branch before Depths: true
     0 | D:1      | 0 ||| qw: Lair rune preference: random
     0 | D:1      | 0 ||| qw: Goals: Normal
     0 | D:1      | 0 ||| PLANNING D:1-11
   365 | D:1      | Reached XP level 2. HP: 14/17 MP: 2/2
   766 | D:1      | 766 ||| UPGRADING to +0 ring mail.
   776 | D:1      | 776 ||| DROPPING +0 leather armour.
   777 | D:1      | 777 ||| UPGRADING to +4 ring of protection.
   778 | D:1      | 778 ||| READING 2 scrolls labelled LEGAFEDUAL.
   778 | D:1      | 778 ||| IDENTIFYING purple potion
   779 | D:1      | 779 ||| READING scroll of identify.
   779 | D:1      | 779 ||| IDENTIFYING amethyst potion
   780 | D:1      | 780 ||| DRINKING 2 fuming inky potions.
   781 | D:1      | 781 ||| DRINKING 2 coppery potions.
   782 | D:1      | 782 ||| DROPPING scroll of butterflies.
   783 | D:1      | 783 ||| DROPPING potion of brilliance.
   860 | D:2      | Reached XP level 3. HP: 21/21 MP: 3/3
   884 | D:2      | Noticed Robin
   885 | D:2      | Reached skill level 1 in Armour
   898 | D:2      | Killed Robin
   899 | D:2      | Reached skill level 5 in Ranged Weapons
   963 | D:2      | Reached XP level 4. HP: 27/27 MP: 4/4
  1066 | D:2      | 1066 ||| FLEEEEING.
  1084 | D:2      | Reached skill level 3 in Fighting
  1194 | D:2      | 1194 ||| UPGRADING to +0 helmet.
  1199 | D:2      | 1199 ||| DROPPING ring of wizardry.
  1200 | D:2      | 1200 ||| UPGRADING to +6 ring of dexterity.
  1201 | D:2      | 1201 ||| READING scroll of identify.
  1201 | D:2      | 1201 ||| IDENTIFYING inky potion
  1202 | D:2      | 1202 ||| READING scroll labelled ROAKIS ZO EGG.
  1203 | D:2      | 1203 ||| FLEEEEING.
  1207 | D:2      | 1207 ||| DROPPING potion of ambrosia.
  1564 | D:3      | Noticed Jessica
  1565 | D:3      | Killed Jessica
  1566 | D:3      | Reached XP level 5. HP: 32/32 MP: 5/5
  1984 | D:3      | Found a faded altar of an unknown god.
  2140 | D:3      | 2140 ||| READING scroll of identify.
  2140 | D:3      | 2140 ||| IDENTIFYING lumpy sapphire potion
  2141 | D:3      | 2141 ||| READING scroll labelled BONNYI UROONT.
  2142 | D:3      | 2142 ||| DRINKING 2 viscous coppery potions.
  2143 | D:3      | 2143 ||| DROPPING potion of invisibility.
  2187 | D:4      | Found a white marble altar of Elyvilon.
  2287 | D:4      | 2287 ||| FLEEEEING.
  2288 | D:4      | 2288 ||| FLEEEEING.
  2289 | D:4      | 2289 ||| FLEEEEING.
  2303 | D:4      | 2303 ||| FLEEEEING.
  2304 | D:4      | 2304 ||| FLEEEEING.
  2309 | D:4      | 2309 ||| STAIRDANCE
  2342 | D:3      | 2342 ||| READING scroll of identify.
  2342 | D:3      | 2342 ||| IDENTIFYING scroll labelled RYCZAVYTHROT
  2343 | D:3      | 2343 ||| DROPPING scroll of vulnerability.
  2370 | D:4      | Reached skill level 6 in Ranged Weapons
  2948 | D:4      | Reached XP level 6. HP: 38/38 MP: 6/6
  2963 | D:4      | 2963 ||| FLEEEEING.
  2974 | D:4      | 2974 ||| FLEEEEING.
  2983 | D:4      | 2983 ||| STAIRDANCE
  3034 | D:3      | 3034 ||| UPGRADING to +2 robe of resistance.
  3044 | D:3      | 3044 ||| DROPPING +0 ring mail.
  3045 | D:3      | 3045 ||| READING scroll labelled SYMUOLOCEU.
  3366 | D:5      | Entered Level 5 of the Dungeon
  3367 | D:5      | 3367 ||| STAIRDANCE
  3377 | D:5      | 3377 ||| STAIRDANCE
  3379 | D:4      | 3379 ||| FLEEEEING.
  3381 | D:4      | 3381 ||| STAIRDANCE
  3409 | D:5      | Noticed Grinder
  3409 | D:5      | Found Mujiti's General Store.
  3410 | D:5      | 3410 ||| STAIRDANCE
  3427 | D:5      | 3427 ||| STAIRDANCE
  3507 | D:5      | Paralysed by Grinder for 2 turns
  3510 | D:5      | 3510 ||| STAIRDANCE
  3513 | D:4      | Killed Grinder
  3514 | D:4      | Reached skill level 7 in Ranged Weapons
  3514 | D:4      | Reached XP level 7. HP: 26/43 MP: 7/7
  3514 | D:4      | 3514 ||| FLEEEEING.
  3515 | D:4      | 3515 ||| STAIRDANCE
  3592 | D:5      | 3592 ||| STAIRDANCE
  3602 | D:5      | 3602 ||| STAIRDANCE
  3604 | D:4      | 3604 ||| FLEEEEING.
  3605 | D:4      | 3605 ||| STAIRDANCE
  3643 | D:5      | 3643 ||| BUYING potion of curing (39 gold).
  3643 | D:5      | Bought a potion of curing for 39 gold pieces
  3643 | D:5      | 3643 ||| SHOPLISTING ring of protection from fire (325
                  | gold, have 198).
  3643 | D:5      | 3643 ||| BUYING wand of flame (5) (45 gold).
  3643 | D:5      | Bought a wand of flame (5) for 45 gold pieces
  3648 | D:5      | Found a staircase to the Ecumenical Temple.
  3649 | D:5      | 3649 ||| PLANNING TEMPLE
  3657 | Temple   | Entered the Ecumenical Temple
  3658 | Temple   | 3658 ||| PLANNING D:1-11
  3685 | D:5      | 3685 ||| FLEEEEING.
  3783 | D:5      | Found Putanuch's Distillery.
  3789 | D:5      | 3789 ||| BUYING 2 potions of curing (78 gold).
  3789 | D:5      | Bought 2 potions of curing for 78 gold pieces
  3789 | D:5      | 3789 ||| SHOPLISTING 2 potions of resistance (260 gold,
                  | have 88).
  3789 | D:5      | 3789 ||| BUYING potion of might (52 gold).
  3789 | D:5      | Bought a potion of might for 52 gold pieces
  3789 | D:5      | 3789 ||| SHOPLISTING potion of mutation (104 gold, have
                  | 36).
  3802 | D:5      | Found a blossoming altar of Fedhas.
  3884 | D:5      | Reached skill level 8 in Ranged Weapons
  3884 | D:5      | 3884 ||| FLEEEEING.
  3978 | D:5      | 3978 ||| FLEEEEING.
  3984 | D:5      | 3984 ||| FLEEEEING.
  3985 | D:5      | 3985 ||| FLEEEEING.
  3986 | D:5      | 3986 ||| FLEEEEING.
  3995 | D:5      | HP: 8/44 [wight/+4 dire flail (8)]
  3996 | D:5      | 3996 ||| READING 2 scrolls of teleportation.
  3997 | D:5      | 3997 ||| DRINKING 2 potions of heal wounds.
  4009 | D:5      | 4009 ||| FLEEEEING.
  4012 | D:5      | 4012 ||| STAIRDANCE
  4015 | D:4      | 4015 ||| STAIRDANCE
  4301 | D:5      | Reached XP level 8. HP: 49/49 MP: 8/8
  4606 | D:6      | 4606 ||| FLEEEEING.
  4607 | D:6      | 4607 ||| FLEEEEING.
  4668 | D:6      | Reached skill level 9 in Ranged Weapons
  5246 | D:6      | 5246 ||| READING scroll of identify.
  5246 | D:6      | 5246 ||| IDENTIFYING scroll labelled QEIQOPS ZITI
  5247 | D:6      | 5247 ||| DROPPING scroll of fear.
  5288 | D:7      | Noticed Joseph
  5289 | D:7      | 5289 ||| ZAPPING wand of paralysis (12) at -7,-2 (Joseph;
                  | floor).
  5290 | D:7      | 5290 ||| ZAPPING wand of paralysis (11) at -7,-2 (Joseph;
                  | floor).
  5291 | D:7      | 5291 ||| ZAPPING wand of paralysis (10) at -6,-1 (Joseph;
                  | floor).
  5301 | D:7      | 5301 ||| ZAPPING wand of paralysis (9) at -6,-1 (Joseph;
                  | floor).
  5308 | D:7      | Killed Joseph
  5415 | D:7      | 5415 ||| FLEEEEING.
  5446 | D:7      | Found a shimmering blue altar of Sif Muna.
  5455 | D:7      | Noticed Menkaure
  5460 | D:7      | Killed Menkaure
  5461 | D:7      | Reached skill level 6 in Fighting
  5461 | D:7      | Reached XP level 9. HP: 56/56 MP: 9/9
  5575 | D:7      | Found Peledgh's Fire Supplies.
  5584 | D:7      | 5584 ||| SHOPLISTING ring of protection from fire (400
                  | gold, have 165).
  5998 | D:7      | 5998 ||| DROPPING +1 hat.
  5999 | D:7      | 5999 ||| DROPPING ring of willpower.
  6000 | D:7      | 6000 ||| DROPPING ring of protection from cold.
  6001 | D:7      | 6001 ||| READING scroll labelled HAYMNE CIJE.
  6042 | D:7      | 6042 ||| DROPPING wand of flame (5).
  6112 | D:8      | 6112 ||| FLEEEEING.
  6120 | D:8      | 6120 ||| STAIRDANCE
  6187 | D:8      | 6187 ||| FLEEEEING.
  6276 | D:8      | 6276 ||| FLEEEEING.
  6279 | D:8      | 6279 ||| STAIRDANCE
  6405 | D:8      | 6405 ||| FLEEEEING.
  6559 | D:8      | Found an iron altar of Okawaru.
  6559 | D:8      | Found a bloodstained altar of Trog.
  6560 | D:8      | 6560 ||| PLANNING OKAWARU WORSHIP
  6562 | D:8      | Found a shimmering altar of Xom.
  6567 | D:8      | Became a worshipper of Warmaster Okawaru
  6568 | D:8      | 6568 ||| PLANNING D:1-11
  6594 | D:8      | Reached skill level 10 in Ranged Weapons
  6613 | D:8      | 6613 ||| FLEEEEING.
  6831 | D:8      | Found a glowing golden altar of the Shining One.
  7068 | D:8      | Reached * piety under Okawaru
  7070 | D:8      | HP: 14/57 [yak (5)]
  7071 | D:8      | 7071 ||| READING 2 scrolls of teleportation.
  7072 | D:8      | 7072 ||| DRINKING 2 potions of heal wounds.
  7077 | D:8      | 7077 ||| FLEEEEING.
  7312 | D:8      | 7312 ||| RETREEEEATING.
  7328 | D:8      | Reached skill level 1 in Invocations
  7344 | D:8      | Reached skill level 11 in Ranged Weapons
  7358 | D:8      | Reached skill level 3 in Invocations
  7374 | D:8      | Reached ** piety under Okawaru
  7375 | D:8      | Reached XP level 10. HP: 18/64 MP: 12/12
  7375 | D:8      | 7375 ||| FLEEEEING.
  7539 | D:8      | 7539 ||| SWAPPING to +0 orcbow.
  7540 | D:8      | 7540 ||| DROPPING +0 shortbow.
  7703 | D:8      | 7703 ||| READING scroll labelled XUOJ XIARIZESA.
  7704 | D:8      | 7704 ||| READING scroll labelled QAALUE QUCIA.
  7737 | D:9      | 7737 ||| STAIRDANCE
  7739 | D:8      | 7739 ||| FLEEEEING.
  7790 | D:9      | 7790 ||| STAIRDANCE
  7793 | D:8      | 7793 ||| FLEEEEING.
  7811 | D:9      | 7811 ||| STAIRDANCE
  7831 | D:8      | HP: 13/64 [killer bee (5)]
  7832 | D:8      | 7832 ||| READING scroll of teleportation.
  7833 | D:8      | 7833 ||| DRINKING potion of heal wounds.
  8079 | D:9      | 8079 ||| RETREEEEATING.
  8080 | D:9      | 8080 ||| INVOKING Heroism.
  8115 | D:9      | 8115 ||| FLEEEEING.
  8119 | D:9      | 8119 ||| FLEEEEING.
  8120 | D:9      | 8120 ||| FLEEEEING.
  8121 | D:9      | 8121 ||| FLEEEEING.
  8124 | D:9      | 8124 ||| FLEEEEING.
  8125 | D:9      | 8125 ||| FLEEEEING.
  8129 | D:9      | 8129 ||| FLEEEEING.
  8130 | D:9      | 8130 ||| FLEEEEING.
  8131 | D:9      | 8131 ||| FLEEEEING.
  8132 | D:9      | 8132 ||| FLEEEEING.
  8133 | D:9      | 8133 ||| FLEEEEING.
  8134 | D:9      | 8134 ||| FLEEEEING.
  8135 | D:9      | 8135 ||| STAIRDANCE
  8175 | D:9      | 8175 ||| STAIRDANCE
  8250 | D:9      | 8250 ||| FLEEEEING.
  8283 | D:9      | Found a staircase to the Lair.
  8313 | D:9      | Reached skill level 12 in Ranged Weapons
  8391 | D:9      | Found a glowing silver altar of Zin.
  8474 | D:9      | Noticed Psyche
  8477 | D:9      | Killed Psyche
  8661 | D:9      | 8661 ||| PLANNING LAIR
  8690 | Lair:1   | Entered Level 1 of the Lair of Beasts
  8704 | Lair:1   | Noticed a cane toad
  8705 | Lair:1   | 8705 ||| INVOKING Heroism.
  8711 | Lair:1   | Noticed Harold
  8713 | Lair:1   | Killed a cane toad
  8718 | Lair:1   | 8718 ||| DRINKING 2 potions of cancellation.
  8725 | Lair:1   | Killed Harold
  8745 | Lair:1   | Found a dark tunnel.
  8753 | Lair:1   | Noticed a cane toad
  8771 | Lair:1   | 8771 ||| INVOKING Heroism.
  8776 | Lair:1   | Killed a cane toad
  8776 | Lair:1   | Reached *** piety under Okawaru
  8779 | Lair:1   | Noticed Maggie
  8785 | Lair:1   | Reached skill level 13 in Ranged Weapons
  8797 | Lair:1   | Killed Maggie
  8831 | Lair:1   | Reached XP level 11. HP: 69/69 MP: 14/14
  8849 | Lair:1   | Reached skill level 9 in Fighting
  8930 | Lair:1   | Reached **** piety under Okawaru
  9023 | Lair:1   | 9023 ||| FLEEEEING.
  9193 | Lair:1   | Noticed Nergalle
  9194 | Lair:1   | 9194 ||| INVOKING Finesse.
  9208 | Lair:1   | Killed Nergalle
  9404 | Lair:1   | 9404 ||| RETREEEEATING.
  9426 | Lair:1   | Reached ***** piety under Okawaru
  9427 | Lair:1   | Reached skill level 6 in Invocations
  9427 | Lair:1   | 9427 ||| FLEEEEING.
  9477 | Lair:1   | 9477 ||| RETREEEEATING.
  9478 | Lair:1   | 9478 ||| RETREEEEATING.
  9479 | Lair:1   | 9479 ||| RETREEEEATING.
  9480 | Lair:1   | 9480 ||| RETREEEEATING.
  9481 | Lair:1   | 9481 ||| RETREEEEATING.
  9482 | Lair:1   | 9482 ||| RETREEEEATING.
  9483 | Lair:1   | 9483 ||| RETREEEEATING.
  9485 | Lair:1   | 9485 ||| INVOKING Finesse.
  9515 | Lair:1   | Reached skill level 14 in Ranged Weapons
  9551 | Lair:1   | 9551 ||| FLEEEEING.
  9670 | Lair:1   | 9670 ||| RETREEEEATING.
  9674 | Lair:1   | 9674 ||| RETREEEEATING.
  9676 | Lair:1   | 9676 ||| RETREEEEATING.
  9677 | Lair:1   | 9677 ||| RETREEEEATING.
  9678 | Lair:1   | 9678 ||| RETREEEEATING.
  9679 | Lair:1   | 9679 ||| RETREEEEATING.
  9680 | Lair:1   | 9680 ||| RETREEEEATING.
  9692 | Lair:1   | 9692 ||| FLEEEEING.
  9791 | Lair:1   | 9791 ||| RETREEEEATING.
  9800 | Lair:1   | 9800 ||| RETREEEEATING.
  9801 | Lair:1   | 9801 ||| RETREEEEATING.
  9802 | Lair:1   | 9802 ||| RETREEEEATING.
  9803 | Lair:1   | 9803 ||| RETREEEEATING.
  9804 | Lair:1   | 9804 ||| RETREEEEATING.
  9805 | Lair:1   | 9805 ||| RETREEEEATING.
 10079 | Lair:1   | Reached skill level 6 in Dodging
 10079 | Lair:1   | 10079 ||| FLEEEEING.
 10339 | Lair:1   | 10339 ||| READING scroll of identify.
 10339 | Lair:1   | 10339 ||| IDENTIFYING bubbling black potion
 10340 | Lair:1   | 10340 ||| DROPPING potion of degeneration.
 10499 | Lair:2   | 10499 ||| FLEEEEING.
 10619 | Lair:2   | Found a transporter.
 10691 | Lair:2   | Found a transporter.
 10752 | Lair:2   | Received a gift from Okawaru
 10771 | Lair:2   | 10771 ||| RETREEEEATING.
 10773 | Lair:2   | 10773 ||| RETREEEEATING.
 10782 | Lair:2   | Reached XP level 12. HP: 69/77 MP: 16/18
 10785 | Lair:2   | 10785 ||| FLEEEEING.
 11497 | Lair:2   | 11497 ||| DRINKING 2 clear potions.
 11708 | Lair:3   | Found a staircase to the Shoals.
 11834 | Lair:3   | 11834 ||| RETREEEEATING.
 11913 | Lair:3   | Reached skill level 9 in Invocations
 11926 | Lair:3   | 11926 ||| FLEEEEING.
 11944 | Lair:3   | Received a gift from Okawaru
 11951 | Lair:3   | 11951 ||| FLEEEEING.
 12192 | Lair:3   | 12192 ||| INVOKING Finesse.
 12193 | Lair:3   | 12193 ||| INVOKING Heroism.
 12199 | Lair:3   | 12199 ||| FLEEEEING.
 12391 | Lair:3   | Found a staircase to the Snake Pit.
 12391 | Lair:3   | Noticed Gastronok
 12392 | Lair:3   | 12392 ||| INVOKING Finesse.
 12426 | Lair:3   | Killed Gastronok
 12446 | Lair:3   | 12446 ||| FLEEEEING.
 12603 | Lair:3   | 12603 ||| SWAPPING to +0 longbow.
 12604 | Lair:3   | 12604 ||| DROPPING +0 orcbow.
 12675 | Lair:3   | 12675 ||| FLEEEEING.
 12901 | Lair:3   | 12901 ||| RETREEEEATING.
 12902 | Lair:3   | 12902 ||| RETREEEEATING.
 12903 | Lair:3   | 12903 ||| RETREEEEATING.
 12904 | Lair:3   | 12904 ||| RETREEEEATING.
 12905 | Lair:3   | 12905 ||| RETREEEEATING.
 12906 | Lair:3   | 12906 ||| RETREEEEATING.
 12908 | Lair:3   | 12908 ||| RETREEEEATING.
 12911 | Lair:3   | 12911 ||| RETREEEEATING.
 12912 | Lair:3   | 12912 ||| RETREEEEATING.
 12913 | Lair:3   | 12913 ||| RETREEEEATING.
 12914 | Lair:3   | 12914 ||| RETREEEEATING.
 12917 | Lair:3   | 12917 ||| RETREEEEATING.
 12926 | Lair:3   | Reached skill level 15 in Ranged Weapons
 12934 | Lair:3   | 12934 ||| FLEEEEING.
 13271 | Lair:3   | 13271 ||| UPGRADING to +2 hat.
 13281 | Lair:3   | 13281 ||| DROPPING +0 helmet.
 13282 | Lair:3   | 13282 ||| READING scroll of identify.
 13282 | Lair:3   | 13282 ||| IDENTIFYING smoky golden potion
 13283 | Lair:3   | 13283 ||| DRINKING 2 fuming sapphire potions.
 13320 | Lair:3   | 13320 ||| DROPPING potion of lignification.
 13374 | Lair:4   | 13374 ||| STAIRDANCE
 13379 | Lair:4   | 13379 ||| STAIRDANCE
 13399 | Lair:3   | 13399 ||| FLEEEEING.
 13507 | Lair:4   | 13507 ||| STAIRDANCE
 13528 | Lair:4   | 13528 ||| STAIRDANCE
 13536 | Lair:4   | 13536 ||| STAIRDANCE
 13553 | Lair:4   | 13553 ||| STAIRDANCE
 13555 | Lair:3   | 13555 ||| FLEEEEING.
 13624 | Lair:4   | 13624 ||| FLEEEEING.
 13625 | Lair:4   | 13625 ||| STAIRDANCE
 13714 | Lair:4   | 13714 ||| FLEEEEING.
 13719 | Lair:4   | 13719 ||| RETREEEEATING.
 13723 | Lair:4   | 13723 ||| RETREEEEATING.
 13724 | Lair:4   | 13724 ||| RETREEEEATING.
 13725 | Lair:4   | 13725 ||| RETREEEEATING.
 13726 | Lair:4   | 13726 ||| RETREEEEATING.
 13727 | Lair:4   | 13727 ||| RETREEEEATING.
 13728 | Lair:4   | 13728 ||| RETREEEEATING.
 13729 | Lair:4   | 13729 ||| RETREEEEATING.
 13730 | Lair:4   | 13730 ||| RETREEEEATING.
 13730 | Lair:4   | HP: 5/77 [komodo dragon (24)]
 13730 | Lair:4   | Slain by a cane toad

Levels and vault maps discovered:
D:1:      dpeg_arrival_long_road, layout_loops_ring, minivault_27,
          nicolae_concentric_dashed_squares_wild, chequers_jeans
D:2:      layout_basic, chequers_serial_rivers_room_b, minmay_mini_jars,
          uniq_robin
D:3:      layout_rooms, dreamdust_ecumenical_altar_angels_and_demons,
          minivault_26, minmay_box_of_dots, uniq_jessica
D:4:      layout_loops_corners, elyvilon_altar_1,
          chequers_serial_rivers_micro_d, hangedman_feature_mirror
D:5:      layout_rooms, fedhas_altar_fruit_tree,
          minmay_temple_entry_statues_pillars, serial_shops, shop,
          nicolae_stop_n_shop_1, kennysheep_generic_room_11, uniq_grinder
D:6:      layout_basic
D:7:      layout_gridville, amcnicky_altar_gilded, nicolae_shop_fire_sale
          [nicolae_sub_dead_trees], uniq_menkaure, uniq_joseph
D:8:      layout_basic, nicolae_tso_besieged_by_evil, grunt_temple_overflow_open
D:9:      layout_long_grid, zin_scriptorium, erik_lair_island, uniq_psyche
Temple:   nicolae_temple_ecumenical_triangle
Lair:1:   layout_small_grid, nicolae_volcano_entry_lava_flow,
          grunt_megastairs_2, lemuel_fruit_tree, uniq_nergalle, uniq_maggie,
          uniq_harold
Lair:2:   gammafunk_worm_tunnel, layout_cave_pods, wad_woods_river_01,
          infiniplex_staircase_pool
Lair:3:   layout_cave_pods, elwin_shoals_entry_rocks,
          alex1729_snake_entry_snake, grunt_megastairs_5, uniq_gastronok
Lair:4:   layout_cave_shapes, dpeg_slime_entry_corner,
          chequers_serial_rivers_large_b

Skill      XL: |  1  2  3  4  5  6  7  8  9 10 11 12 |
---------------+-------------------------------------+-----
Armour         | 1 2 |  2.3
Ranged Weapons | 5 6 7 8 9 11 13 14 15 | 15.3
Fighting       | 3 4 5 6 7 8 9 10 | 10.0
Dodging        | 2 4 5 6 |  6.1
Invocations    | 3 4 8 10 | 10.0
Stealth        | |  1.1

Action                     |  1- 3 |  4- 6 |  7- 9 | 10-12 || total
---------------------------+-------+-------+-------+-------++-------
   Fire: Shortbow          |   114 |   194 |   433 |       ||   741
         Orcbow            |       |       |       |   616 ||   616
         Longbow           |       |       |       |   108 ||   108
 Invoke: Heroism           |       |       |       |     4 ||     4
         Finesse           |       |       |       |     4 ||     4
  Evoke: Wand              |       |       |     4 |       ||     4
    Use: Scroll            |     2 |     6 |     4 |     5 ||    17
         Potion            |     2 |     1 |     2 |     4 ||     9
 Armour: Leather armour    |     7 |       |       |       ||     7
         Ring mail         |    29 |    56 |       |       ||    85
         Robe              |       |    42 |   141 |   286 ||   469
         Skin              |       |       |       |     3 ||     3
  Dodge: Dodged            |    50 |   105 |   152 |   421 ||   728

Table legend:
 A = Non-vault XP
 B = Vault XP
 C = Vault XP percentage of total XP
 D = Non-vault monster count
 E = Vault monster count
 F = Vault count percentage of total count
                 A         B        C        D         E       F
            +---------+---------+-------+---------+---------+-------
      Total |   18341 |   10960 |  37.4 |     204 |      70 |  25.5
            +---------+---------+-------+---------+---------+-------
        D:1 |      30 |       0 |   0.0 |      17 |       0 |   0.0
        D:2 |      34 |      58 |  63.0 |      14 |      23 |  62.2
        D:3 |      27 |      41 |  60.3 |      17 |       3 |  15.0
        D:4 |     319 |     191 |  37.5 |      19 |       3 |  13.6
        D:5 |     484 |     115 |  19.2 |      13 |       2 |  13.3
        D:6 |     306 |       0 |   0.0 |      12 |       0 |   0.0
        D:7 |     300 |     576 |  65.8 |       8 |       2 |  20.0
        D:8 |    2545 |      51 |   2.0 |      27 |       7 |  20.6
        D:9 |     543 |    1107 |  67.1 |       7 |       8 |  53.3
     Lair:1 |    5451 |    4907 |  47.4 |      24 |      11 |  31.4
     Lair:2 |    1425 |     960 |  40.3 |      11 |       5 |  31.2
     Lair:3 |    6116 |    2954 |  32.6 |      33 |       6 |  15.4
     Lair:4 |     761 |       0 |   0.0 |       2 |       0 |   0.0
            +---------+---------+-------+---------+---------+-------
